 Dungeon Crawl Stone Soup version 0.30.0-5-g1a98f26d00 (webtiles) character file.

Game seed: 1026722389406293164

4 xSliceyx the Magician (level 1, 0/15 HPs)
             Began as a Djinni Hedge Wizard on May 8, 2023.
             Slain by a giant cockroach (1 damage)
             ... on level 1 of the Dungeon.
             The game lasted 00:01:18 (247 turns).

xSliceyx the Magician (Djinni Hedge Wizard)          Turns: 247, Time: 00:01:18

Health: 0/15       AC:  2    Str:  9    XL:     1   Next: 77%
Gold:   13         EV: 12    Int: 15    God:
                   SH:  0    Dex: 12

rFire   + + .        a - +0 dagger
rCold   x . .        (no shield)
rNeg    . . .        b - +0 robe
rPois   ∞            c - +0 hat
rElec   .            (no cloak)
rCorr   .            (no gloves)
SInv    .            (boots unavailable)
Will    .....        (no amulet)
Stlth   ++           (no ring)
HPRegen 0.22/turn    (no ring)
MPRegen 0.00/turn

%: infuse magic (-1 HP)
@: flying
A: sickness immunity, fire resistance 2, cold vulnerability 1, float, innate
caster, HP casting, extra vitality 1
a: no special abilities


You were on level 1 of the Dungeon.
You visited 1 branch of the dungeon, and saw 1 of its levels.

You collected 13 gold pieces.

Inventory:

Hand Weapons
 a - a +0 dagger (weapon)
Armour
 b - a +0 robe (worn)
 c - a +0 hat (worn)
Scrolls
 d - a scroll of vulnerability {unknown}
 e - a scroll of torment {unknown}
 f - a scroll of fog {unknown}


   Skills:
 + Level 2.2 Dodging
 + Level 1.6 Stealth
 + Level 2.6 Spellcasting


You knew the following spells:

 Your Spells              Type           Power      Damage    Failure   Level
a - Magic Dart            Conj           36%        1d4       7%          1
b - Slow                  Hex            36%        N/A       7%          1
c - Blink                 Tloc           18%        N/A       11%         2
d - Call Imp              Summ           18%        N/A       11%         2
e - Mephitic Cloud        Conj/Pois/Air  9%         N/A       22%         3
Your spell library was empty.

Dungeon Overview and Level Annotations

Branches:
Dungeon (1/15)

Altars:


Innate Abilities, Weirdness & Mutations

You are immune to sickness and miasma.
You are immune to poison.
Your flesh is very heat resistant. (rF++)
You are vulnerable to cold. (rC-)
You float through the air rather than walking.
You learn spells naturally, not from books.
Your magical power is your life essence.
You have superior vitality. (+4 MHP)


Message History

Confirm with . or Enter, or press ? or * to list all spells.
Aiming: Magic Dart (safe; 7% risk of failure)
Press: ? - help, Shift-Dir - straight line, f/p - giant cockroach
Aim: a giant cockroach (almost dead, 100% to hit)
The magic dart hits the giant cockroach but does no damage.
The giant cockroach is almost dead.
* * * LOW HITPOINT WARNING * * *
The giant cockroach closely misses you.
Casting: Magic Dart (safe; 7% risk of failure)
Confirm with . or Enter, or press ? or * to list all spells.
Aiming: Magic Dart (safe; 7% risk of failure)
Press: ? - help, Shift-Dir - straight line, f/p - giant cockroach
Aim: a giant cockroach (almost dead, 100% to hit)
The magic dart hits the giant cockroach but does no damage.
The giant cockroach is almost dead.
* * * LOW HITPOINT WARNING * * *
The giant cockroach bites you.
* * * LOW HITPOINT WARNING * * *
The giant cockroach misses you.
Unknown command.
Casting: Magic Dart (safe; 7% risk of failure)
Confirm with . or Enter, or press ? or * to list all spells.
Aiming: Magic Dart (safe; 7% risk of failure)
Press: ? - help, Shift-Dir - straight line, f/p - giant cockroach
Aim: a giant cockroach (severely wounded, 100% to hit)
The magic dart hits the giant cockroach but does no damage.
The giant cockroach is severely wounded.
* * * LOW HITPOINT WARNING * * *
The giant cockroach misses you.
Unknown command.
Casting: Magic Dart (safe; 7% risk of failure)
Confirm with . or Enter, or press ? or * to list all spells.
Aiming: Magic Dart (safe; 7% risk of failure)
Press: ? - help, Shift-Dir - straight line, f/p - giant cockroach
Aim: a giant cockroach (severely wounded, 100% to hit)
The magic dart hits the giant cockroach but does no damage.
The giant cockroach is severely wounded.
* * * LOW HITPOINT WARNING * * *
The giant cockroach bites you.
You die...

B......#.####...####
#.!...+.#..'...'..#
###.....##.##...##.###
.#)#.##..##.#######....
..... ##.##.# #...###
##.8.##).##.# ###.#.#
#..).....##.# #...#.#
##(#.#B..##.# #.###+###
###@..##.###.#......
.#..####.....#......
..........####......
########..#####......
#.................#
>..............######
..##########.........
#......... #.........


You could see a giant cockroach.

Vanquished Creatures
  2 hobgoblins (D:1)
  A goblin (D:1)
  A kobold (D:1)
  A rat (D:1)
5 creatures vanquished.

Notes
Turn   | Place    | Note
-------+----------+-------------------------------------------
     0 | D:1      | xSliceyx the Djinni Hedge Wizard began the quest for the
                  | Orb.
     0 | D:1      | xSliceyx set off with the following spells memorised: Magic
                  | Dart, Slow, Blink, Call Imp, Mephitic Cloud.
     0 | D:1      | Reached XP level 1. HP: 15/15 MP: 0/0
     2 | D:1      | Noticed a draconian
     2 | D:1      | Noticed a felid
     4 | D:1      | Noticed an octopode
     4 | D:1      | Noticed a vine stalker
     6 | D:1      | Noticed a vampire
     6 | D:1      | Noticed a troll
     8 | D:1      | Noticed an armataur
     8 | D:1      | Noticed a gargoyle
    10 | D:1      | Noticed a spriggan
    10 | D:1      | Noticed a naga
    12 | D:1      | Noticed a merfolk
    12 | D:1      | Noticed an ogre
    14 | D:1      | Noticed an elf
    14 | D:1      | Noticed a meteoran
    16 | D:1      | Noticed a formicid
    16 | D:1      | Noticed a human
    20 | D:1      | Noticed a demigod
    20 | D:1      | Noticed a ghoul
    22 | D:1      | Noticed a tengu
    22 | D:1      | Noticed a minotaur
    24 | D:1      | Noticed a ghoul
    26 | D:1      | Noticed a merfolk
   247 | D:1      | Slain by a giant cockroach

Illustrated notes

Levels and vault maps discovered:
D:1:      kb_arrival_jail, layout_basic, serial_curves, eino_curves_02,
          eino_curves_04, minmay_hexomino_u4

Action                     || total
---------------------------++-------
  Melee: Dagger            ||     2
   Cast: Magic Dart        ||    26
 Armour: Robe              ||     1
  Dodge: Dodged            ||     7
